 Dungeon Crawl Stone Soup version 0.28.0-53-g5a82cb258f (webtiles) character file.

Game seed: 14207134213039835569

9 Jerry the Shield-Bearer (level 2, -2/24 HPs)
             Began as a Human Fighter on June 21, 2022.
             Killed from afar by Sigmund (7 damage)
             ... with a magic dart
             ... on level 3 of the Dungeon.
             The game lasted 00:00:54 (316 turns).

Jerry the Shield-Bearer (Human Fighter)              Turns: 316, Time: 00:00:54

Health: -2/24      AC:  6    Str: 16    XL:     2   Next: 20%
Magic:  2/2        EV:  8    Int:  8    God:
Gold:   52         SH:  0    Dex: 12    Spells: 1/1 levels left

rFire   . . .      SeeInvis .   a - +0 long sword
rCold   . . .      Faith    .   c - +0 buckler
rNeg    . . .      Spirit   .   b - +0 scale mail
rPois   .          Reflect  .   (no helmet)
rElec   .          Harm     .   (no cloak)
rCorr   .          Rampage  .   (no gloves)
Will    .....                   (no boots)
Stlth   ..........              (no amulet)
HPRegen 0.08/turn               (no ring)
MPRegen 0.08/turn               (no ring)

@: confused, mighty
A: no striking features
a: no special abilities


You were on level 3 of the Dungeon.
You visited 1 branch of the dungeon, and saw 3 of its levels.

You collected 52 gold pieces.

Inventory:

Hand Weapons
 a - a +0 long sword (weapon)
Armour
 b - a +0 scale mail (worn)
 c - a +0 buckler (worn)
Scrolls
 e - a scroll of identify {unknown}


   Skills:
 - Level 3.0 Fighting
 * Level 2.4 Long Blades
 + Level 3.1 Armour
 + Level 3.1 Shields


You had one spell level left.
You didn't know any spells.
Your spell library was empty.

Dungeon Overview and Level Annotations

Branches:
Dungeon (3/15)

Altars:

Annotations:
D:3 Sigmund


Message History

Things that are here:
a +0 dagger; an orc corpse You now have 52 gold pieces (gained 7).
You start resting.
HP restored.
Sigmund the Dreaded comes into view.
He is wielding a +0 scythe.
Found a stone staircase leading down.
Sigmund shouts!
Sigmund casts a spell at you.
You are confused.
Sigmund casts a spell.
Sigmund flickers and vanishes!
Deactivating autopickup; reactivate with Ctrl-A.
You're too confused to move!
You bump into the rock wall.
A goblin comes into view. It is wielding a +0 club.
You bump into the rock wall.
The goblin shouts!
You hear some strange, mumbled words.
You are more confused.
Something hits you but does no damage.
You bump into the rock wall.
Something hits you.
You bump into the rock wall.
Something hits you.
You bump into the rock wall.
Something hits you but does no damage.
You feel less confused.
You feel very mighty all of a sudden. The goblin barely misses you.
Something hits you but does no damage.
You barely miss the goblin. You block the goblin's attack. Something hits you.
The goblin closely misses you.
You closely miss the goblin. You block the goblin's attack. Something hits you.
* * * LOW HITPOINT WARNING * * *
You barely miss the goblin. You block the goblin's attack.
You hear some strange, mumbled words.
You are confused.
You barely miss something. The goblin hits you with a +0 club.
* * * LOW HITPOINT WARNING * * *
You hear some strange, mumbled words.
A magic dart appears from out of thin air!
The magic dart hits you!
You die...

#.....)..<.# #..........#
#>.........# #..........#
#..........# ##..........#
# #...........#
.####.########...........#
.........g@..............#
..###....{....#..........#
#...##################
#..... ....... ..>....
....... .......


You could see a goblin.

Vanquished Creatures
  An orc (D:3)
  3 goblins (D:1)
  2 kobolds
  A frilled lizard (D:1)
  A rat (D:1)
8 creatures vanquished.

Notes
Turn   | Place    | Note
-------+----------+-------------------------------------------
     0 | D:1      | Jerry the Human Fighter began the quest for the Orb.
     0 | D:1      | Reached XP level 1. HP: 18/18 MP: 1/1
   165 | D:1      | Reached XP level 2. HP: 22/24 MP: 2/2
   190 | D:1      | You fall into a shaft and drop 1 floor!
   297 | D:3      | Noticed Sigmund
   316 | D:3      | Killed from afar by Sigmund

Illustrated notes

Levels and vault maps discovered:
D:1:      heliophobic_arrival_dark_side_of_the_moon, layout_basic,
          minmay_crystal_water, minmay_box_of_dots
D:2:      layout_basic, dreamdust_ecumenical_altar_statues, basic_altar,
          minmay_door_square
D:3:      layout_rooms, nicolae_uskayaw_murder_on_the_dancefloor, uniq_sigmund,
          uniq_grinder

Action                   || total
-------------------------++-------
Melee: Long sword        ||    23
  Use: Potion            ||     1
Armor: Scale mail        ||    11
Dodge: Dodged            ||     6
Block: Buckler           ||     6
